 Dungeon Crawl Stone Soup version 0.21-a0-442-g848f44b (webtiles) character file.

1002 theanonym the Basher (level 8, -5/62 HPs)
             Began as a Formicid Fighter on Nov 14, 2017.
             Was a Follower of Cheibriados.
             Slain by an orc warrior
             ... wielding a +0 dire flail
              (23 damage)
             ... on level 6 of the Dungeon.
             The game lasted 00:11:38 (5530 turns).

theanonym the Basher (Formicid Fighter)             Turns: 5530, Time: 00:11:39

Health: -5/62      AC: 10    Str: 29    XL:     8   Next: 43%
Magic:  9/10       EV:  9    Int: 11    God:    Cheibriados [*.....]
Gold:   170        SH: 11    Dex: 12    Spells: 7/7 levels left

rFire    . . .     SeeInvis +   g - +0 morningstar
rCold    . . .     Gourm    .   c - +1 shield
rNeg     . . .     Faith    .   D - +0 chain mail
rPois    .         Spirit   .   (helmet unavailable)
rElec    .         Reflect  .   t - +0 cloak {+Inv}
rCorr    .         Harm     .   (no gloves)
MR       .....                  (no boots)
Stlth    ..........             (no amulet)
HPRegen  0.20/turn              (no ring)
MPRegen  0.12/turn              l - +3 ring of evasion

@: mighty, very slow
A: permanent stasis, dig shafts and tunnels, four strong arms, antennae 3
a: Dig, Shaft Self, Bend Time, Renounce Religion, Evoke Invisibility


Innate Abilities, Weirdness & Mutations

You cannot be hasted, slowed, berserked, paralysed or teleported.
You can dig through walls and to a lower floor.
Your four strong arms can wield two-handed weapons with a shield.
You have a pair of large antennae on your head. (SInv)


   Skills:
 - Level 5.1 Fighting
 * Level 8.3 Maces & Flails
 - Level 3.2 Armour
 - Level 3.6 Shields
 + Level 2.9 Invocations


You had 7 spell levels left.
You didn't know any spells.

Skill      XL: |  1  2  3  4  5  6  7  8 |
---------------+-------------------------+-----
Maces & Flails | 3 4 5 7 8 |  8.3
Fighting       | 4 5 |  5.1
Invocations    | 1 2 |  2.9
Armour         | |  3.2
Shields        | |  3.6

Action                   |  1- 3 |  4- 6 |  7- 9 || total
-------------------------+-------+-------+-------++-------
Melee: Flail             |    93 |   186 |       ||   279
       Morningstar       |       |    90 |   127 ||   217
Throw: Tomahawk          |       |       |     1 ||     1
Invok: Bend Time         |       |       |     3 ||     3
 Abil: Dig               |     1 |     2 |     5 ||     8
       Shaft Self        |       |     1 |       ||     1
Evoke: Wand              |       |     1 |     1 ||     2
  Use: Scroll            |     1 |     3 |     2 ||     6
       Potion            |       |       |     2 ||     2
  Eat: Chunk             |       |     9 |     2 ||    11
       Meat ration       |       |     1 |       ||     1
       Fruit             |       |       |     2 ||     2
Armor: Scale mail        |    36 |    77 |    18 ||   131
       Chain mail        |       |       |    12 ||    12
Dodge: Dodged            |    24 |   132 |    39 ||   195
Block: Shield            |    52 |   215 |    63 ||   330

Inventory:

Hand Weapons
 b - a +0 shortbow
   (You took it off a centaur on level 6 of the Dungeon)
 g - a +0 morningstar (weapon)
   (You found it on level 3 of the Dungeon)
Missiles
 h - 5 tomahawks (quivered)
 j - 69 arrows
 y - 43 bolts
Armour
 c - a +1 shield (worn)
 t - a +0 cloak of invisibility (worn)
   (You took it off Crazy Yiuf on level 5 of the Dungeon)
 D - a +0 chain mail (worn)
   (You took it off an orc on level 6 of the Dungeon)
 F - a +0 scale mail
Jewellery
 l - a +3 ring of evasion (right hand)
   (You found it on level 1 of the Dungeon)
 r - a +2 amulet of reflection {unknown}
   (You found it on level 5 of the Dungeon)
Wands
 u - a wand of lightning (0/15)
   (You found it on level 2 of the Dungeon)
 A - a wand of random effects (19/48)
   (You took it off Ijyb on level 4 of the Dungeon)
 E - a wand of paralysis (12/24)
   (You took it off an orc on level 6 of the Dungeon)
Scrolls
 e - 2 scrolls of enchant armour
 i - 2 scrolls of teleportation {unknown}
 n - 6 scrolls of remove curse
 o - a scroll of amnesia {unknown}
 q - 2 scrolls of enchant weapon {unknown}
 C - a scroll of blinking {unknown}
Potions
 a - a potion of agility {unknown}
 d - a potion of might
 k - 2 potions of ambrosia
 m - 4 potions of curing
 w - 2 potions of invisibility {unknown}
 x - a potion of brilliance
 z - 6 potions of flight
Books
 v - a book of Minor Magic
   (You found it on level 2 of the Dungeon)

   Spells                             Type                      Level
   a - Magic Dart                     Conjuration                  1
   b - Blink                          Translocation                2
   c - Call Imp                       Summoning                    2
   d - Slow                           Hexes                        2
   e - Conjure Flame                  Conjuration/Fire             3
   f - Mephitic Cloud                 Conjuration/Poison/Air       3
Comestibles
 f - a bread ration
 p - 3 fruits
 s - 2 royal jellies
 B - 5 chunks of flesh

Dungeon Overview and Level Annotations

Branches:
Dungeon (6/15)             Temple (1/1) D:4

Altars:
Ashenzari
Cheibriados
Elyvilon
Fedhas
Gozag
Hepliaklqana
Kikubaaqudgha
Makhleb
Nemelex Xobeh
Okawaru
Qazlal
Sif Muna
Trog
Uskayaw
Vehumet
Wu Jian
The Shining One

Annotations:
D:4 Dowan; Duvessa; darxusza's ghost, amateur FoFi


You were on level 6 of the Dungeon.
You worshipped Cheibriados.
Cheibriados was aware of your devotion.
You were not hungry.

You visited 2 branches of the dungeon, and saw 7 of its levels.

You collected 170 gold pieces.


Message History

No target in view!
You start resting.
You closely miss the orc. The orc hits you but does no damage.
Your shield and chain mail prevent you from hitting the orc.
You block the orc's attack.
You hit the orc. You block the orc's attack.
You closely miss the orc. The orc hits you but does no damage.
You closely miss the orc. You block the orc's attack.
You sock the orc!
You kill the orc!
Cheibriados appreciates the change of pace.
You hit the orc priest but do no damage.
You block the orc priest's attack.
You hit the orc priest.
The orc priest mumbles some strange prayers to Beogh against you.
Beogh smites you!
You take 13 damage, and have 48/62 hp.
MASSIVE DAMAGE!!
You hit the orc priest.
The orc priest invokes the aid of Beogh against you.
Beogh smites you! You block the orc priest's attack.
You take 11 damage, and have 37/62 hp.
You are too injured to fight recklessly!
You are too injured to fight recklessly!
You are too injured to fight recklessly!
You closely miss the orc priest. The orc priest closely misses you.
MP restored: 10 You hit the orc priest but do no damage.
You puncture the orc priest!
The orc priest begins to cast a cantrip, but forgets the words!
The orc priest hits you with a flail!
* * * LOW HITPOINT WARNING * * *
You take 7 damage, and have 31/62 hp.
You puncture the orc priest!
You kill the orc priest!
Cheibriados thoroughly appreciates the change of pace.
You start resting.
Health restored: 62
j - 67 arrows (gained 15)
Items here: ))))) [ ††† You butcher the orc corpse.
B - a chunk of flesh
Items here: ))))) [ ††
F - an uncursed shortbow Unknown command.
Adjust (i)tems, (s)pells, or (a)bilities?
Adjust which item? (? for menu, Esc to quit)
F - an uncursed shortbow Adjust to which letter? (? for menu, Esc to quit)
b - an uncursed shortbow;
F - a +0 scale mail Eating a chunk of flesh.
You eat the chunk of flesh.
You butcher the orc corpse.
B - 4 chunks of flesh You butcher the orc corpse.
B - 5 chunks of flesh (gained 1)
Items here: )))) [ ÷ x2
j - 68 arrows (gained 1)
j - 69 arrows (gained 1)
You now have 159 gold pieces (gained 7).
You sense a monster nearby.
You sense a monster nearby.
You are now empty-handed.
You now have 170 gold pieces (gained 11).
An orc, an orc warrior, an orc priest and an orc wizard come into view.
The orc priest is wielding a mace of holy wrath.
The orc warrior shouts!
The orc shouts!
The orc wizard shouts!
The orc priest shouts!
The orc moves out of view.
The flow of time bends around you.
Cheibriados rebukes the orc warrior.
The orc warrior seems to slow down.
You feel slightly more hungry.
You now have 7/10 mp.
The orc wizard points at you and mumbles some strange words.
You are confused.
You feel better.
The orc wizard gestures wildly while chanting.
The orc wizard flickers and vanishes for a moment.
The orc warrior hits you with a dire flail.
You take 3 damage, and have 59/62 hp.
You extend your mandibles.
You dig through the rock wall.
You dig through the rock wall.
The orc priest calls down the wrath of Beogh upon you.
Beogh smites you!
You take 11 damage, and have 48/62 hp.
You dig through the rock wall.
The orc priest invokes the aid of Beogh against you.
Pain shoots through your body!
You take 6 damage, and have 42/62 hp.
You dig through the rock wall.
Wield which item (- for none, * to show all)? (? for menu, Esc to quit)
g - a +0 morningstar (weapon)
You feel very mighty all of a sudden.
You retract your mandibles.
You barely miss the orc warrior.
The orc warrior hits you with a dire flail!!
* * * LOW HITPOINT WARNING * * *
You take 25 damage, and have 18/62 hp.
MASSIVE DAMAGE!!
Your shield and chain mail prevent you from hitting the orc warrior.
You sock the orc warrior!
The orc warrior hits you with a dire flail!!
You die...

### ..### #.#@## #.##o# ###
#{#{##############.#
.#########.{###......#...###)
.........o.####........#.##.#
####...............>...#.##
#.###.#####............. #.
#.# #........#.... #o #.#
###...##.#.###


You could see an orc warrior.

Notes
Turn   | Place    | Note
-------+----------+-------------------------------------------
     0 | D:1      | theanonym the Formicid Fighter began the quest for the Orb.
     0 | D:1      | Reached XP level 1. HP: 18/18 MP: 1/1
   220 | D:1      | You fall through a shaft!
   259 | D:2      | Reached XP level 2. HP: 20/24 MP: 2/2
   276 | D:2      | Reached skill level 3 in Maces & Flails
   276 | D:2      | Reached XP level 3. HP: 22/30 MP: 3/3
   834 | D:1      | Reached XP level 4. HP: 37/37 MP: 4/4
   979 | D:1      | Reached skill level 4 in Fighting
  1680 | D:2      | HP: 8/37 [something (18)]
  1919 | D:3      | Reached skill level 4 in Maces & Flails
  1934 | D:3      | Reached XP level 5. HP: 38/42 MP: 5/5
  2797 | D:4      | Reached XP level 6. HP: 29/49 MP: 6/6
  2936 | D:4      | Noticed Ijyb
  2958 | D:4      | Killed Ijyb
  2958 | D:4      | Reached skill level 5 in Maces & Flails
  3016 | D:4      | Noticed an ogre
  3067 | D:4      | Noticed a phantom
  3084 | D:3      | Killed a phantom
  3084 | D:3      | Reached skill level 5 in Fighting
  3337 | D:4      | Found a staircase to the Ecumenical Temple.
  3377 | Temple   | Entered the Ecumenical Temple
  3517 | Temple   | Became a worshipper of Cheibriados the Contemplative
  3566 | D:4      | Noticed darxusza's ghost (amateur FoFi)
  3589 | D:4      | You fall through a shaft!
  3589 | D:5      | Entered Level 5 of the Dungeon
  3641 | D:5      | Reached XP level 7. HP: 56/56 MP: 7/7
  3700 | D:5      | Reached skill level 6 in Maces & Flails
  3936 | D:5      | Reached skill level 7 in Maces & Flails
  4004 | D:5      | Found a runed door.
  4622 | D:4      | Noticed Duvessa
  4624 | D:4      | Noticed Dowan
  4813 | D:5      | Reached skill level 1 in Invocations
  4813 | D:5      | Reached XP level 8. HP: 62/62 MP: 8/8
  4888 | D:5      | Noticed Crazy Yiuf
  4891 | D:5      | Killed Crazy Yiuf
  4930 | D:6      | Found a glowing golden altar of the Shining One.
  5069 | D:6      | Reached skill level 2 in Invocations
  5075 | D:6      | Reached skill level 8 in Maces & Flails
  5184 | D:6      | Reached * piety under Cheibriados
  5329 | D:6      | HP: 31/62 [orc priest/flail (7)]
  5528 | D:6      | HP: 18/62 [orc warrior/dire flail (25)]
  5530 | D:6      | Slain by an orc warrior

Vanquished Creatures
  An ice beast (D:5)
  A phantom (D:3)
  A centaur (D:6)
  2 scorpions
  A howler monkey (D:6)
  A crimson imp (D:5)
  A bullfrog zombie (D:5)
  2 hounds
  Crazy Yiuf (D:5)
  An orc priest (D:6)
  A centaur skeleton (D:5)
  3 orc wizards (D:6)
  An iguana (D:5)
  Ijyb (D:4)
  4 gnolls (D:5)
  7 adders
  2 shadow imps
  2 oozes
  An adder zombie (D:5)
  An adder skeleton (D:3)
  2 worms
  A dart slug (D:1)
  7 leopard geckos
  17 orcs
  2 ball pythons
  3 giant cockroaches
  8 goblins
  8 hobgoblins
  9 jackals
  9 kobolds
  A quokka (D:3)
  8 bats
  8 frilled lizards
  3 rats (D:3)
121 creatures vanquished.
